 Dungeon Crawl Stone Soup version 0.29-a0-284-gf9362112df (webtiles) character file.

Game seed: 5581376945549915774

46 mistaj the Chopper (level 3, 0/31 HPs)
             Began as a Minotaur Gladiator on Mar 23, 2022.
             Slain by an adder (3 damage)
             ... on level 2 of the Dungeon.
             The game lasted 00:02:08 (1460 turns).

mistaj the Chopper (Minotaur Gladiator)             Turns: 1460, Time: 00:02:10

Health: 0/31       AC:  3    Str: 18    XL:     3   Next: 46%
Magic:  2/2        EV:  8    Int:  7    God:
Gold:   51         SH: 10    Dex: 11    Spells: 2/2 levels left

rFire   . . .      SeeInvis .   a - +0 war axe
rCold   . . .      Faith    .   l - +0 tower shield
rNeg    . . .      Spirit   .   b - +0 leather armour
rPois   .          Reflect  .   c - +0 hat
rElec   .          Harm     .   (no cloak)
rCorr   .          Rampage  .   (no gloves)
Will    .....                   (no boots)
Stlth   +.........              (no amulet)
HPRegen 0.10/turn               (no ring)
MPRegen 0.08/turn               (no ring)

@: lethally poisoned (0 -> -8)
A: horns 2, retaliatory headbutt
a: no special abilities


You were on level 2 of the Dungeon.
You visited 1 branch of the dungeon, and saw 2 of its levels.

You collected 51 gold pieces.

Inventory:

Hand Weapons
 a - a +0 war axe (weapon)
Missiles
 d - 3 throwing nets (quivered)
 e - 3 javelins
Armour
 b - a +0 leather armour (worn)
 c - a +0 hat (worn)
 l - a +0 tower shield (worn)
Scrolls
 g - 2 scrolls of identify {unknown}
 i - a scroll of silence {unknown}
 k - a scroll of fear {unknown}
Potions
 f - 2 potions of flight {unknown}
 h - a potion of ambrosia {unknown}
 j - a potion of curing {unknown}


   Skills:
 + Level 3.1 Fighting
 * Level 4.6 Axes
 - Level 2.0 Throwing
 - Level 1.6 Armour
 - Level 3.2 Dodging
 + Level 0.3 Shields


You had 2 spell levels left.
You didn't know any spells.
Your spell library contained the following spells:

 Spells                   Type           Power      Damage    Failure   Level
 Corpse Rot               Necr/Air       0%         N/A       100%        2
 Poisonous Vapours        Pois/Air       0%         N/A       100%        2


Dungeon Overview and Level Annotations

Branches:
Dungeon (2/15)

Altars:


Innate Abilities, Weirdness & Mutations

You have a pair of horns on your head.
You reflexively headbutt those who attack you in melee.


Message History

No target in view!
Found 7 gold pieces.
You pick up a book of Vapours and begin reading...
You add the spells Poisonous Vapours and Corpse Rot to your library.
You now have 51 gold pieces (gained 7).
An adder comes into view.
You slash the adder!
The adder is severely wounded.
The adder bites you. x2
You are poisoned.
The adder poisons you!
You miss the adder.
The adder is severely wounded.
You feel sick. The adder bites you. x2
You closely miss the adder.
The adder is severely wounded.
You feel sick. You block the adder's attack. The adder bites you.
You closely miss the adder.
The adder is heavily wounded.
You feel sick.
You are no longer poisoned.
The adder bites you.
You are poisoned.
The adder poisons you! You block the adder's attack. x2
You barely miss the adder.
The adder is heavily wounded.
You feel very sick. The adder bites you but does no damage.
The adder bites you.
* * * LOW HITPOINT WARNING * * *
You closely miss the adder.
The adder is heavily wounded.
You feel sick. You block the adder's attack.
The adder bites you but does no damage.
You closely miss the adder. Your headbutt misses the adder.
The adder is heavily wounded.
You feel sick. You block the adder's attack. The adder bites you.
* * * LOW HITPOINT WARNING * * *
You are lethally poisoned!
The adder poisons you! The adder bites you.
You die...

.....#########
.....##......#
.............#
.....##......#
.######......#
..>..##......#
......#......#
####...#####.#######
#.....# #....@S.#
#...>.# #######.#
#.....## ..
##......# #.#
.....^..# #
##......# ......#.#
.######..# <# #.#


You could see an adder.

Vanquished Creatures
  An adder (D:2)
  A worm (D:2)
  A bat (D:1)
  2 endoplasms (D:1)
  2 giant cockroaches (D:1)
  3 goblins (D:1)
  3 hobgoblins (D:1)
  3 jackals (D:2)
  3 quokkas
  3 ball pythons
  4 frilled lizards
  3 kobolds
  4 rats
33 creatures vanquished.

Notes
Turn   | Place    | Note
-------+----------+-------------------------------------------
     0 | D:1      | mistaj the Minotaur Gladiator began the quest for the Orb.
     0 | D:1      | Reached XP level 1. HP: 18/18 MP: 0/0
   234 | D:1      | Reached skill level 1 in Armour
   234 | D:1      | Reached XP level 2. HP: 21/25 MP: 1/1
   362 | D:1      | Reached skill level 4 in Axes
  1281 | D:2      | Reached XP level 3. HP: 31/31 MP: 2/2
  1460 | D:2      | Slain by an adder

Illustrated notes

Levels and vault maps discovered:
D:1:      amcnicky_arrival_wind_blow, layout_basic,
          shapermc_ecumenical_altar_petra, serial_forest,
          infiniplex_forest_lined_3_way, infiniplex_forest_clump_cross,
          infiniplex_forest_clump_tiny, infiniplex_forest_straight_2,
          infiniplex_forest_lined_1, infiniplex_forest_lined_room_3,
          infiniplex_forest_straight_2
D:2:      layout_basic

Skill      XL: |  1  2 |
---------------+-------+-----
Armour         | 1 |  1.6
Axes           | 4 |  4.6
Fighting       | 3 |  3.1
Throwing       | |  2.0
Dodging        | |  3.2
Shields        | |  0.3

Action                   || total
-------------------------++-------
Melee: War axe           ||    67
       Headbutt          ||    10
Armor: Leather armour    ||    14
Dodge: Dodged            ||    32
Block: Tower shield      ||     8

Table legend: (Time is in decaauts)
 A = Elapsed time spent in this place.
 B = Non-inter-level travel time spent in this place.
 C = Inter-level travel time spent in this place.
 D = Time resting spent in this place.
 E = Time spent auto-exploring this place.
 F = Levels seen in this place.
 G = Mean time per level.
                   A        B        C        D        E       F      G
               +--------+--------+--------+--------+--------+-----+--------+
         Total |   1483 |   1466 |     17 |    365 |    849 |   2 |  741.5 |
       Dungeon |   1483 |   1466 |     17 |    365 |    849 |   2 |  741.5 |
               +--------+--------+--------+--------+--------+-----+--------+

Top non-repeatable levels by time:
     D:1: 935 daAuts
     D:2: 548 daAuts
